 Dungeon Crawl Stone Soup version 0.29.0-4-gdea44cf6ec (webtiles) character file.

Game seed: 9733461931147338010

238 Plasmagod the Chopper (level 6, -3/47 HPs)
             Began as a Formicid Fighter on Aug 27, 2022.
             Killed by nerve-wracking pain
             ... invoked by Grinder
              (8 damage)
             ... on level 3 of the Dungeon.
             The game lasted 00:04:33 (2294 turns).

Plasmagod the Chopper (Formicid Fighter)            Turns: 2294, Time: 00:04:34

Health: -3/47      AC:  9    Str: 23    XL:     6   Next: 28%
Magic:  6/6        EV:  9    Int:  7    God:
Gold:   38         SH:  5    Dex: 13    Spells: 5/5 levels left

rFire   + . .      SeeInvis +   a - +0 war axe
rCold   + . .      Faith    .   c - +0 buckler
rNeg    . . .      Spirit   .   b - +0 scale mail
rPois   .          Reflect  .   (helmet unavailable)
rElec   .          Harm     .   g - +0 cloak
rCorr   .          Rampage  .   s - +0 pair of gloves
Will    .....                   (no boots)
Stlth   ..........              (no amulet)
HPRegen 0.15/turn               h - ring of protection from fire
MPRegen 0.10/turn               e - ring of protection from cold

@: no status effects
A: permanent stasis, dig shafts and tunnels, antennae 3, four strong arms
a: Dig, Shaft Self


You were on level 3 of the Dungeon.
You visited 1 branch of the dungeon, and saw 3 of its levels.

You collected 38 gold pieces.

Inventory:

Hand Weapons
 a - a +0 war axe (weapon)
Missiles
 l - a throwing net
Armour
 b - a +0 scale mail (worn)
 c - a +0 buckler (worn)
 g - a +0 cloak (worn)
 s - a +0 pair of gloves (worn)
Jewellery
 e - a ring of protection from cold (right hand)
 h - a ring of protection from fire (left hand)
Wands
 m - a wand of roots (10)
Scrolls
 j - 3 scrolls of identify {unknown}
 p - a scroll of immolation {unknown}
 r - a scroll of vulnerability {unknown}
 t - a scroll of enchant weapon {unknown}
 u - a scroll of acquirement {unknown}
 v - a scroll of blinking {unknown}
Potions
 d - a potion of might
 f - 3 potions of attraction {unknown}
 i - a potion of resistance {unknown}
 k - 4 potions of haste {unknown}
 n - a potion of lignification {unknown}
 o - a potion of flight {unknown}
 q - a potion of degeneration {unknown}


   Skills:
 - Level 3.2 Fighting
 + Level 6.1 Axes
 - Level 3.2 Armour
 - Level 4.0 Shields


You had 5 spell levels left.
You didn't know any spells.
Your spell library contained the following spells:

 Spells                   Type           Power      Damage    Failure   Level
 Beastly Appendage        Tmut           0%         N/A       82%         1
 Ensorcelled Hibernation  Hex/Ice        0%         N/A       91%         2
 Wereblood                Tmut           0%         N/A       91%         2
 Portal Projectile        Hex/Tloc       0%         N/A       99%         3
 Spider Form              Tmut/Pois      0%         N/A       99%         3
 Tukima's Dance           Hex            0%         N/A       99%         3
 Anguish                  Hex/Necr       0%         N/A       100%        4
 Blade Hands              Tmut           0%         N/A       100%        5


Dungeon Overview and Level Annotations

Branches:
Dungeon (3/15)

Altars:

Shops:
D:2 (

Annotations:
D:3 Grinder


Innate Abilities, Weirdness & Mutations

You cannot be hasted, slowed, berserked, paralysed or teleported.
You can dig through walls and to a lower floor.
You have a pair of large antennae on your head. (SInv)
Your four strong arms can wield two-handed weapons with a shield.


Message History

You barely miss the orc. You block the orc's attack.
Grinder comes into view.
The orc hits you but does no damage.
Grinder moves out of view.
You barely miss the orc. The orc barely misses you.
You slash the orc!
You kill the orc!
Grinder gestures at you. Pain shoots through your body!
You closely miss the orc priest.
The orc priest hits you with a +0 hand axe.
You hit the orc priest but do no damage.
You block the orc priest's attack.
The orc priest hits you but does no damage.
You hit the orc priest.
The orc priest is heavily wounded.
The orc priest hits you but does no damage.
Grinder blinks!
You hit the orc priest.
The orc priest is severely wounded.
The orc priest hits you with a +0 hand axe.
You hit the orc priest but do no damage.
The orc priest is severely wounded.
The orc priest hits you but does no damage.
You hit the orc priest.
You kill the orc priest!
Your Axes skill increases to level 6!
You see here a +0 scale mail.
Grinder blinks!
Grinder attacks as you move away! Grinder closely misses you.
Grinder attacks as you move away! Grinder hits you.
* * * LOW HITPOINT WARNING * * *
You writhe in agony.
* * * LOW HITPOINT WARNING * * *
Grinder attacks as you move away! Grinder hits you.
* * * LOW HITPOINT WARNING * * *
You writhe in agony.
* * * LOW HITPOINT WARNING * * *
Grinder gestures at you. Pain shoots through your body!
You die...

...... #...#
#.(.######
#......#
..#.#####......#
......).[......##
###.#'###+##...5#
# #.##.# ####
#.##@# #.....
..##.## #.....#
+.###..## #......
## ##..# .....#
##.# ....<.
#.#### #.#..
#....## #.#..
####..### #.#..
#.......# ##....


You could see Grinder.

Vanquished Creatures
  An orc priest (D:3)
  An orc wizard (D:3)
  Natasha (thrice) (D:2)
  Robin (D:2)
  3 adders (D:2)
  2 worms (D:2)
  A dart slug (D:3)
  3 orcs (D:3)
  An endoplasm (D:2)
  2 giant cockroaches (D:2)
  10 goblins
  9 hobgoblins
  7 jackals
  3 quokkas
  4 ball pythons
  4 bats
  A frilled lizard (D:1)
  6 kobolds
  A rat (D:1)
63 creatures vanquished.

Vanquished Creatures (others)
  A plant (D:2)
1 creature vanquished.

Grand Total: 64 creatures vanquished

Notes
Turn   | Place    | Note
-------+----------+-------------------------------------------
     0 | D:1      | Plasmagod the Formicid Fighter began the quest for the Orb.
     0 | D:1      | Reached XP level 1. HP: 18/18 MP: 1/1
   118 | D:1      | Reached XP level 2. HP: 15/24 MP: 2/2
   211 | D:1      | Reached skill level 3 in Axes
   440 | D:1      | Reached XP level 3. HP: 26/29 MP: 3/3
   744 | D:2      | Noticed Natasha
   771 | D:2      | Killed Natasha
   772 | D:2      | Reached skill level 4 in Axes
   772 | D:2      | Reached XP level 4. HP: 22/35 MP: 4/4
  1110 | D:2      | Noticed Natasha
  1151 | D:2      | Killed Natasha
  1326 | D:2      | Noticed Natasha
  1335 | D:2      | Killed Natasha
  1336 | D:2      | Reached XP level 5. HP: 19/41 MP: 5/5
  1340 | D:2      | Reached skill level 5 in Axes
  1614 | D:2      | Noticed Robin
  1625 | D:2      | Killed Robin
  1851 | D:2      | Found Ogute's Weapon Shoppe.
  1902 | D:2      | Found a faded altar of an unknown god.
  2271 | D:3      | Reached XP level 6. HP: 28/47 MP: 6/6
  2277 | D:3      | Noticed Grinder
  2286 | D:3      | Reached skill level 6 in Axes
  2294 | D:3      | Killed from afar by Grinder

Illustrated notes

Levels and vault maps discovered:
D:1:      heliophobic_arrival_ceremonial_halls, layout_basic,
          minmay_tiny_reverse_x
D:2:      layout_basic, serial_shops, nicolae_shop_stone,
          shapermc_ecumenical_altar_ellora, grunt_ministairs_8, uniq_robin,
          uniq_natasha
D:3:      layout_basic, mainiacjoe_overflow_24_doors,
          mainiacjoe_overflow_six_doors_small, serial_shops, shop_statue,
          uniq_crazy_yiuf_cottage, uniq_grinder, uniq_terence

Skill      XL: |  1  2  3  4  5  6 |
---------------+-------------------+-----
Axes           | 3 4 5 6 |  6.1
Fighting       | |  3.2
Armour         | |  3.2
Shields        | |  4.0

Action                   |  1- 3 |  4- 6 || total
-------------------------+-------+-------++-------
Melee: War axe           |    57 |   129 ||   186
 Abil: Dig               |     2 |       ||     2
Evoke: Wand              |       |     1 ||     1
Armor: Scale mail        |    22 |    82 ||   104
Dodge: Dodged            |    27 |    76 ||   103
Block: Buckler           |    13 |    39 ||    52
